 Dungeon Crawl Stone Soup version 0.21-a0-496-g696f58f537 (webtiles) character file.

247 Eonwe the Covered (level 5, -1/45 HPs)
             Began as a Demigod Fighter on Nov 24, 2017.
             Slain by a gnoll
             ... wielding a +0 club
              (4 damage)
             ... on level 3 of the Dungeon.
             The game lasted 00:03:33 (2509 turns).

Eonwe the Covered (Demigod Fighter)                 Turns: 2509, Time: 00:03:34

Health: -1/45      AC:  7    Str: 21    XL:     5   Next: 54%
Magic:  7/7        EV:  8    Int: 12    God:
Gold:   154        SH:  9    Dex: 15    Spells: 4/4 levels left

rFire    . . .     SeeInvis .   a - +0 long sword
rCold    . . .     Gourm    .   c - +0 shield
rNeg     . . .     Faith    .   b - +0 scale mail
rPois    .         Spirit   .   (no helmet)
rElec    .         Reflect  .   (no cloak)
rCorr    .         Harm     .   (no gloves)
MR       .....                  (no boots)
Stlth    ..........             (no amulet)
HPRegen  0.15/turn              (no ring)
MPRegen  0.10/turn              (no ring)

@: no status effects
A: high mp 1
a: no special abilities


You were on level 3 of the Dungeon.
You were very hungry.

You visited 1 branch of the dungeon, and saw 3 of its levels.

You collected 154 gold pieces.

Inventory:

Hand Weapons
 a - a +0 long sword (weapon)
Armour
 b - a +0 scale mail (worn)
 c - a +0 shield (worn)
Jewellery
 g - an uncursed ring of wizardry {unknown}
 i - an uncursed ring of stealth {unknown}
Scrolls
 d - a scroll of amnesia {unknown}
 e - 4 scrolls of identify {unknown}
 j - 3 scrolls of fear {unknown}
 l - a scroll of noise {unknown}
 n - a scroll of fog {unknown}
Comestibles
 f - 4 bread rations
 k - 4 meat rations
 m - a royal jelly


   Skills:
 + Level 3.4 Fighting
 + Level 3.6 Long Blades
 + Level 3.7 Armour
 + Level 0.9 Dodging
 + Level 0.1 Stealth
 + Level 3.4 Shields


You had 4 spell levels left.
You didn't know any spells.

Dungeon Overview and Level Annotations

Branches:
Dungeon (3/15)


Innate Abilities, Weirdness & Mutations

You have an increased reservoir of magic. (+10% MP)


Message History

The gnoll is severely wounded.
The gnoll hits you with a whip.
* * * LOW HITPOINT WARNING * * *
You slash the gnoll shaman!
The gnoll shaman is severely wounded.
You hit the gnoll shaman.
You kill the gnoll shaman!
The gnoll hits you but does no damage.
You hit the gnoll.
You kill the gnoll!
The gnoll throws a stone.
The stone barely misses you. You block the gnoll's attack.
Items here: ( ))))) ?? [[ † You hit the gnoll.
The gnoll is lightly wounded.
The gnoll barely misses you.
You hit the gnoll.
The gnoll is lightly wounded.
The gnoll hits you with a club.
You die...

######## ##.##
#.# #(# #.# #.#
## #.# ... #.#
...# #.# ##....#
#######@##.......
.......g(........
######...#.......
#(....##....#
##...## ....
##.## ..# #.# ##
#.# #'#


You could see a gnoll.

Vanquished Creatures
  The ghost of Eonwe the Slasher, an amateur MiBe of Trog (D:3)
  A crimson imp (D:3)
  A gnoll shaman (D:3)
  2 gnolls (D:3)
  2 adders
  2 worms
  3 dart slugs
  3 orcs (D:3)
  5 bats
  A giant cockroach (D:1)
  6 hobgoblins
  6 jackals
  A frilled lizard (D:1)
  2 goblins
  4 kobolds (D:2)
  7 rats
47 creatures vanquished.

Notes
Turn   | Place    | Note
-------+----------+-------------------------------------------
     0 | D:1      | Eonwe the Demigod Fighter began the quest for the Orb.
     0 | D:1      | Reached XP level 1. HP: 18/18 MP: 3/3
   256 | D:1      | Reached XP level 2. HP: 12/25 MP: 4/4
   924 | D:2      | Reached XP level 3. HP: 9/31 MP: 5/5
   936 | D:2      | HP: 1/31 [poisoned by an adder]
  1768 | D:3      | Reached XP level 4. HP: 20/38 MP: 6/6
  1959 | D:3      | Noticed Eonwe's ghost (amateur MiBe)
  1980 | D:3      | Killed Eonwe's ghost
  1980 | D:3      | Reached XP level 5. HP: 28/45 MP: 7/7
  2503 | D:3      | HP: 2/45 [gnoll/whip (6)]
  2509 | D:3      | Slain by a gnoll

Vault maps used:
D:1:      lemuel_arrival_broad_hall, supply_closet_lemuel
D:2:      first_bread

Skill      XL: |  1  2  3  4 |
---------------+-------------+-----
Armour         | 3 |  3.7
Long Blades    | 2 3 |  3.6
Fighting       | 3 |  3.4
Shields        | 3 |  3.4
Dodging        | |  0.9
Stealth        | |  0.1

Action                   |  1- 3 |  4- 6 || total
-------------------------+-------+-------++-------
Melee: Long sword        |   137 |    47 ||   184
  Use: Potion            |       |     2 ||     2
  Eat: Chunk             |     3 |     1 ||     4
Armor: Scale mail        |    79 |    17 ||    96
       Skin              |       |     4 ||     4
Dodge: Dodged            |    50 |    22 ||    72
Block: Shield            |    80 |    32 ||   112
       Rpst.: Long sword |    16 |     6 ||    22

Table legend:
 A = Spawn XP
 B = Non-spawn XP
 C = Spawn XP percentage of total XP
 D = Spawn monster count
 E = Non-spawn monster count
 F = Spawn count percentage of total count
 G = Total turns spent on level
                    A         B        C        D         E        F      G
               +---------+---------+-------+---------+---------+-------+---------
         Total |       0 |     353 |   0.0 |       0 |      47 |   0.0 |  2509
               +---------+---------+-------+---------+---------+-------+---------
           D:1 |       0 |      25 |   0.0 |       0 |      14 |   0.0 |   585
           D:2 |       0 |      48 |   0.0 |       0 |      18 |   0.0 |  1081
           D:3 |       0 |     280 |   0.0 |       0 |      15 |   0.0 |   843
               +---------+---------+-------+---------+---------+-------+---------
